[Event "Late-Titled-Tuesday-Blitz-May-14-2024"]
[Site "Chess.com"]
[Date "2024.05.14"]
[Round "9"]
[White "Evan_Attaker"]
[Black "cristianserban1"]
[Result "0-1"]
[WhiteElo "2626"]
[BlackElo "2517"]
[TimeControl "180+1"]
[EndTime "15:43:33 PDT"]
[Termination "cristianserban1 won by checkmate"]

1. Nf3 Nf6 2. c4 b6 3. g3 Bb7 4. Bg2 g6 5. O-O Bg7 6. b3 O-O 7. Bb2 c5 8. Nc3 e6 9. d4 cxd4 10. Qxd4 d5 11. Rfd1 Qe7 12. cxd5 exd5 13. Rac1 Rd8 14.
Qh4 Nc6 15. Nb5 Rac8 16. Ba3 Qxe2 17. Nd6 Ne4 18. Nxc8 Qxf2+ 19. Kh1 Rxc8 20. Rf1 Qxa2 21. Be7 Ba6 22. Rfd1 Nf2+ 23. Kg1 Nxd1 24. Rxd1 Nxe7 25.
Qxe7 Qe2 26. Qxe2 Bxe2 27. Rxd5 a5 28. Rd7 b5 29. Ra7 Bc3 30. Kf2 Bd3 31. Ke3 Bc2 32. Rb7 b4 33. Ra7 Re8+ 34. Kf4 Bxb3 35. Rxa5 Be6 36.
Ng5 b3 37. Nxe6 Bxa5 38. Nc5 b2 39. Bc6 Rc8 40. Be8 Rxc5 41. Bxf7+ Kxf7 42. h4 b1=Q 43. Kg4 Qf5# 0-1

[Event "Late-Titled-Tuesday-Blitz-May-14-2024"]
[Site "Chess.com"]
[Date "2024.05.14"]
[Round "9"]
[White "munozmiguelangel1982"]
[Black "Bala-Afiada"]
[Result "0-1"]
[WhiteElo "2217"]
[BlackElo "1969"]
[TimeControl "180+1"]
[EndTime "15:43:35 PDT"]
[Termination "Bala-Afiada won by resignation"]

1. Nf3 c5 2. e4 Nc6 3. c3 Nf6 4. Bd3 d6 5. Bc2 e5 6. O-O Bg4 7. h3 Bxf3 8. Qxf3 Be7 9. d3 O-O 10. Bb3 Qd7 11. Be3 a6 12. Nd2 b5 13. Bd5 Nxd5 14.
exd5 Nd8 15. Ne4 f5 16. Ng5 Bxg5 17. Bxg5 Nf7 18. Bd2 Rae8 19. b3 f4 20. a4 Ng5 21.
Qh5 Qf5 22. Rfd1 g6 23. Qe2 f3 24. Qf1 fxg2 25. Qxg2 Nxh3+ 26. Kh2 Qxf2 27. Rf1 Qxg2+ 28. Kxg2 Nf4+ 29. Bxf4 exf4 30. Kf3 Re3+ 31. Kg4 Rxd3 32. Rf2 Rxc3 33. Rb1 h5+ 34. Kh4 Kg7 35. axb5 axb5 36.
b4 c4 37. Rbf1 f3 38. Kg3 g5 39. Rxf3 Rcxf3+ 40. Rxf3 Rxf3+ 41. Kxf3 Kf6 42. Kg3 Ke5 43.
Kf3 Kxd5 0-1

[Event "Late-Titled-Tuesday-Blitz-May-14-2024"]
[Site "Chess.com"]
[Date "2024.05.14"]
[Round "9"]
[White "VacheH009"]
[Black "subham777"]
[Result "1-0"]
[WhiteElo "2542"]
[BlackElo "2531"]
[TimeControl "180+1"]
[EndTime "15:43:37 PDT"]
[Termination "VacheH009 won by checkmate"]

1. e4 e6 2. d4 d5 3. Nd2 c5 4.
exd5 Qxd5 5. Ngf3 cxd4 6. Bc4 Qd7 7. O-O Nc6 8. Nb3 Nf6 9. Nbxd4 Nxd4 10. Qxd4 a6 11.
c3 b5 12. Be2 Qxd4 13. Nxd4 Bb7 14. b4 Be7 15. a4 bxa4 16. Rxa4 O-O 17. Bb2 Rfd8 18.
Rfa1 h6 19. f3 Rd6 20. b5 a5 21. Ba3 Rd7 22. Bxe7 Rxe7 23. Rxa5 Rc8 24. c4 Nd7 25. Nb3 Nc5 26. Nxc5 Rxc5 27. b6 Rc8 28. c5 e5 29. Ba6 Bxa6 30. Rxa6 Rxc5 31. Ra7 Re6 32. b7 Rb5 33. Ra8+ Kh7 34. b8=Q Rxb8 35. Rxb8 f5 36. Rb7 Rc6 37. Re1 Rc5 38. Re7 Kg6 39. R7xe5 Rc2 40. R5e2 Rc3 41. Re6+ Kg5 42. Re7 g6 43. Rh7 h5 44. Rg7 Kf6 45. Rg8 Kg5 46. Re6 Kf4 47. Rgxg6 h4 48. Kf2 Rc2+ 49. Re2 h3 50. g3# 1-0

[Event "Late-Titled-Tuesday-Blitz-May-14-2024"]
[Site "Chess.com"]
[Date "2024.05.14"]
[Round "9"]
[White "vpsetter"]
[Black "GlavkonVVS"]
[Result "1-0"]
[WhiteElo "2560"]
[BlackElo "2622"]
[TimeControl "180+1"]
[EndTime "15:43:38 PDT"]
[Termination "vpsetter won by resignation"]

1. e4 Nf6 2. e5 Nd5 3. d4 d6 4. Nf3 Bg4 5. Bc4 dxe5 6. dxe5 e6 7. h3 Bh5 8. g4 Bg6 9. Bg5 Qd7 10. Nbd2 h5 11. Nh4 Bh7 12. gxh5 Nc6 13. Ndf3 Ndb4 14. Qxd7+ Kxd7 15. O-O-O+ Ke8 16. c3 Nd5 17. Bxd5 exd5 18.
Rxd5 Be4 19. Rd2 Rxh5 20. Re1 Bxf3 21. Nxf3 Rxh3 22. Nd4 Nxd4 23. Rxd4 Bc5 24. Rf4 Rh5 25. Rg1 Kf8 26. Rf5 Kg8 27. Rf3 Re8 28. Bf6 g6 29.
Rg2 Be7 30. e6 Bxf6 31. Rxf6 Rxe6 32. Rgxg6+ fxg6 33. Rxe6 Kf7 34. Re2 Rf5 35. Kd2 a5 36.
Kd3 b5 37. b3 Rf3+ 38. Kd4 g5 39. Kc5 Rf5+ 40. Kc6 b4 41. c4 a4 42. Kxc7 axb3 43. axb3 Rf3 44. Rb2 Ke6 45. Kb6 Rf8 46. c5 Kd5 47. Rd2+ Ke4 48. c6 g4 49. c7 Kf3 50. Kb7 Rf7 51. Kb8 Rf8+ 52. c8=Q Rxc8+ 53. Kxc8 1-0

[Event "Late-Titled-Tuesday-Blitz-May-14-2024"]
[Site "Chess.com"]
[Date "2024.05.14"]
[Round "9"]
[White "chess_sharparchitect"]
[Black "Love7Unicorn"]
[Result "0-1"]
[WhiteElo "2365"]
[BlackElo "2510"]
[TimeControl "180+1"]
[EndTime "15:43:38 PDT"]
[Termination "Love7Unicorn won on time"]

1. c4 e6 2. e4 c5 3. Nc3 Nc6 4.
Nf3 d6 5. d4 cxd4 6. Nxd4 Be7 7.
Be2 Nf6 8. Be3 O-O 9. O-O Bd7 10.
Rc1 Re8 11. f3 Rc8 12. Qd2 a6 13. Rfe1 Bf8 14. b3 Qa5 15. Bf1 Ne5 16. h3 g6 17. f4 Nc6 18. Nxc6 Bxc6 19. Nd5 Qd8 20. Bb6 exd5 21. Bxd8 Nxe4 22. Rxe4 dxe4 23. Bf6 Re6 24. Qd4 Rce8 25. Be2 e3 26. Bg4 Re4 27. Qd3 Rxf4 28. Bg5 Rf2 29. Bxe3 Rxg2+ 30. Kf1 Rg3 31. Re1 Bh6 32.
Qd4 Bxe3 33. Rxe3 Rgxe3 34. Qxd6 h5 35. Bd7 Rd8 36. Qc5 Rf3+ 37. Ke2 Rxd7 38. b4 Rxh3 39. b5 axb5 40. cxb5 Bf3+ 41. Kf2 Bg4 42. Qc8+ Kg7 43. Qe8 Rf3+ 44. Ke1 Rf6 45. Qa8 Re6+ 46. Kf2 Rd2+ 47. Kg3 g5 0-1

[Event "Late-Titled-Tuesday-Blitz-May-14-2024"]
[Site "Chess.com"]
[Date "2024.05.14"]
[Round "9"]
[White "KebabJangles"]
[Black "N_Mullodzhanov"]
[Result "1-0"]
[WhiteElo "2380"]
[BlackElo "2555"]
[TimeControl "180+1"]
[EndTime "15:43:38 PDT"]
[Termination "KebabJangles won by checkmate"]

1. d4 Nf6 2. c4 g6 3. g3 Bg7 4.
Bg2 O-O 5. Nc3 d6 6. Nf3 Nc6 7. O-O e5 8. dxe5 dxe5 9. Bg5 Be6 10. Qa4 h6 11. Rad1 Bd7 12. Bxf6 Bxf6 13. Qb3 Bg7 14.
Ne4 Nd4 15. Nxd4 exd4 16. Nc5 Bg4 17. Rfe1 Qe7 18. Nd3 c6 19. h3 Be6 20. Qc2 Rad8 21.
b3 c5 22. Nf4 Bf5 23. Qd2 Qd7 24. g4 Be6 25. Bd5 Be5 26. Bxe6 Bxf4 27. Bxd7 Bxd2 28. Rxd2 Rxd7 29. e3 d3 30. Red1 Rfd8 31. f3 f5 32. Kf2 Kf7 33. e4 f4 34. Re1 g5 35. Rh1 Kf6 36. h4 Ke5 37. hxg5 hxg5 38. Rh5 Kd4 39.
Rxg5 Kc3 40. Ke1 Rh8 41. Rh5 Rdh7 42. Rdh2 Rxh5 43. gxh5 Rg8 44. h6 Rg1+ 45. Kf2 Ra1 46. h7 Rxa2+ 47. Kg1 Rxh2 48. Kxh2 d2 49. h8=Q+ Kc2 50.
Qd8 d1=Q 51. Qxd1+ Kxd1 52. e5 Kc2 53. e6 Kxb3 54.
e7 a5 55. e8=Q a4 56. Qb5+ Kc3 57. Qxc5 b6 58. Qxb6 Kxc4 59. Qf6 Kb3 60. Qxf4 a3 61. Qe5 Kc2 62. f4 a2 63. f5 Kd3 64. f6 Kc2 65. f7 Kb1 66. f8=Q a1=N 67. Qb4+ Kc2 68. Qbb2+ Kd1 69. Qxa1+ Kc2 70. Qec3# 1-0

[Event "Late-Titled-Tuesday-Blitz-May-14-2024"]
[Site "Chess.com"]
[Date "2024.05.14"]
[Round "9"]
[White "VictorFcQNK"]
[Black "ShahMatKanal"]
[Result "0-1"]
[WhiteElo "2147"]
[BlackElo "2392"]
[TimeControl "180+1"]
[EndTime "15:43:38 PDT"]
[Termination "ShahMatKanal won by resignation"]

1. d4 d5 2. Nf3 Nf6 3. e3 c5 4. c3 cxd4 5. exd4 Nc6 6. Bd3 g6 7. Bf4 Bf5 8. Bxf5 gxf5 9. Nbd2 e6 10. Ne5 Qb6 11. O-O Rg8 12. Qe2 Nxe5 13. dxe5 Ne4 14. Nb3 a6 15. Nd4 O-O-O 16. a4 Kb8 17. a5 Qc7 18. Rfc1 Bc5 19. Be3 Rg6 20. f3 Rdg8 21.
fxe4 Rxg2+ 22. Qxg2 Rxg2+ 23. Kxg2 Qxe5 24. Rf1 Qxe4+ 25.
Rf3 Bxd4 26. Bxd4 e5 27. Bb6 Qg4+ 28. Rg3 Qe2+ 29. Kh3 Qh5+ 30. Kg2 Qe2+ 31. Kg1 Kc8 32.
Rf1 f4 33. Rg2 Qd3 34. Rg7 Qf5 35. Rg2 Kd7 36. Rd1 Kc6 37. b3 f3 38. Rf2 Qg4+ 39.
Kh1 e4 40. Rg1 Qf4 41. Re1 f5 42. b4 Qe5 43. Rc2 f4 44. c4 d4 45. c5 d3 46.
Rc4 e3 47. Bd8 f2 48. Rec1 Qd5+ 0-1

[Event "Late-Titled-Tuesday-Blitz-May-14-2024"]
[Site "Chess.com"]
[Date "2024.05.14"]
[Round "9"]
[White "mfschulz"]
[Black "shirovin"]
[Result "1/2-1/2"]
[WhiteElo "2254"]
[BlackElo "2101"]
[TimeControl "180+1"]
[EndTime "15:43:39 PDT"]
[Termination "Game drawn - insufficient material"]

1. d4 f5 2. g4 fxg4 3. h3 g3 4. fxg3 Nf6 5. Qd3 g6 6. e4 d6 7. Bg2 Bg7 8. Nc3 O-O 9. Be3 Nc6 10. Nge2 e5 11. O-O-O a6 12. g4 b5 13. Nd5 exd4 14.
Nxd4 Ne5 15. Qb3 Nc4 16. Bg5 Bb7 17. Ne6 Qd7 18. Nxf8 Rxf8 19. Bxf6 Bxf6 20. Nxf6+ Rxf6 21. Rhf1 Re6 22. Qf3 Qg7 23. Qc3 Qxc3 24. bxc3 Ne3 25. Rf2 Nxd1 26. Kxd1 Bxe4 27. Re2 d5 28. Kd2 Kg7 29.
a4 Kf6 30. axb5 axb5 31. h4 Bxg2 32. g5+ Kf5 33. Rxg2 Re4 34. Rf2+ Rf4 35. Rh2 Kg4 36. Kd3 c5 37. Rg2+ Kxh4 38. Rh2+ Kxg5 39. Rxh7 Rf3+ 40.
Kd2 Rf5 41. Rb7 d4 42. Rxb5 Rf2+ 43. Kd3 Rf3+ 44. Kd2 Rxc3 45. Rb8 Kf5 46. Rf8+ Ke4 47. Re8+ Kf5 48. Rf8+ Kg4 49. Rg8 g5 50. Rg6 Kf4 51.
Rf6+ Kg3 52. Rg6 g4 53. Rg5 Kf3 54. Rf5+ Kg2 55. Rg5 g3 56. Rf5 Rf3 57. Rxc5 Rf2+ 58. Kd3 Kf1 59. Kxd4 g2 60. Rg5 g1=Q 61. Rxg1+ Kxg1 62. c4 Kg2 63. c5 Rc2 64. Kd5 Kf3 65. c6 Kf4 66. Kd6 Ke4 67. c7 Kd4 68. Kd7 Rxc7+ 69. Kxc7 1/2-1/2

[Event "Late-Titled-Tuesday-Blitz-May-14-2024"]
[Site "Chess.com"]
[Date "2024.05.14"]
[Round "9"]
[White "Arystanner"]
[Black "rasmussvane"]
[Result "0-1"]
[WhiteElo "2833"]
[BlackElo "2980"]
[TimeControl "180+1"]
[EndTime "15:43:40 PDT"]
[Termination "rasmussvane won on time"]

1. d4 d5 2. Nf3 e6 3. c4 a6 4.
cxd5 exd5 5. Nc3 Nf6 6. Qb3 c6 7. Bg5 h6 8. Bh4 Be7 9. e3 O-O 10. Bd3 Re8 11. O-O a5 12. Rac1 Nbd7 13. h3 Nh5 14.
Bxe7 Qxe7 15. Rfe1 Qb4 16. Qc2 Nhf6 17. e4 dxe4 18.
Nxe4 Nxe4 19. Bxe4 Nf6 20. Bh7+ Kf8 21. Rxe8+ Nxe8 22. Ne5 Qxd4 23. Re1 Nf6 24. Qb3 Qd5 25. Qa3+ c5 26.
Bc2 Be6 27. Bb3 Qd4 28. Bxe6 fxe6 29. Qb3 Qb4 30. Ng6+ Kg8 31. Qxe6+ Kh7 32. Ne7 Qf4 33. Qf7 Qg5 34. h4 Qg4 35. f3 Qxh4 36. Qxg7+ Kxg7 37. Nf5+ Kf7 38. Nxh4 Rd8 39. Nf5 Rd2 40. Re7+ Kg6 41. g4 Kg5 42. Rxb7 h5 43. Rb5 Rc2 44. Ne3 Rc1+ 45.
Kf2 h4 46. Kg2 Kf4 0-1

[Event "Late-Titled-Tuesday-Blitz-May-14-2024"]
[Site "Chess.com"]
[Date "2024.05.14"]
[Round "9"]
[White "volcanoexplorer"]
[Black "m_ezat"]
[Result "1-0"]
[WhiteElo "2715"]
[BlackElo "2606"]
[TimeControl "180+1"]
[EndTime "15:43:40 PDT"]
[Termination "volcanoexplorer won by checkmate"]

1. e4 Nf6 2. e5 Nd5 3. Nc3 Nxc3 4.
bxc3 d5 5. d4 c5 6. f4 Nc6 7.
Nf3 Bg4 8. Be2 e6 9. O-O Qa5 10.
Bd2 Bxf3 11. Rxf3 Rc8 12. Rb1 Qc7 13. Be3 g6 14. Qd2 a6 15. g4 h5 16. Rh3 Qa5 17. Rxb7 cxd4 18. cxd4 Qxd2 19. Bxd2 Nxd4 20. Bxa6 Rxc2 21.
Ba5 Bc5 22. Rb8+ Kd7 23. Rxh8 hxg4 24. Bc8+ Kc6 25. Kf1 gxh3 26. Ke1 Rxa2 27. Bc3 Rxh2 28. Ba6 Nc2+ 29. Kd1 Ne3+ 30. Ke1 d4 31. Bd2 Kd5 32. Bb7+ Kc4 33. Ba6+ Kb3 34. Rb8+ Kc2 35. Rc8 Rh1+ 36. Ke2 Rh2+ 37. Ke1 Rh1+ 38. Ke2 Kb2 39. Rxc5 h2 40.
Rb5+ Ka3 41. Ra5+ Kb3 42. Rb5+ Ka4 43. Rb4+ Ka3 44. Bb5 Re1+ 45. Bxe1 h1=Q 46. Ra4+ Kb3 47. Rb4+ Kc2 48. Bd3+ Kc1 49. Rb1# 1-0

[Event "Late-Titled-Tuesday-Blitz-May-14-2024"]
[Site "Chess.com"]
[Date "2024.05.14"]
[Round "9"]
[White "rhungaski"]
[Black "Bryanl106"]
[Result "1-0"]
[WhiteElo "2562"]
[BlackElo "2665"]
[TimeControl "180+1"]
[EndTime "15:43:42 PDT"]
[Termination "rhungaski won by resignation"]

1. d4 Nf6 2. c4 g6 3. Nc3 Bg7 4. Nf3 O-O 5. Bg5 c5 6. d5 h6 7. Bh4 d6 8. Nd2 e6 9. e4 exd5 10.
cxd5 a6 11. a4 Nbd7 12. Be2 Re8 13. O-O Qc7 14. Qc2 Ne5 15. f4 Neg4 16. Nc4 Rb8 17. a5 Nh5 18. Bxg4 Bxg4 19. h3 Bd7 20. g4 Nxf4 21.
Rxf4 g5 22. Bg3 Bb5 23. Nxd6 Qxd6 24. Rf3 Be5 25. Bxe5 Qxe5 26. Qf2 Re7 27. Rd1 Rc8 28. d6 Re6 29. Rf5 Qg7 30. Nd5 Rd8 31. Nf6+ Kh8 32. e5 Bc6 33. h4 gxh4 34. Qxh4 Qg6 35. Kf2 Rf8 36. Rd2 Kg7 37. Kg3 c4 38. Kf4 Rh8 39. Rh2 Kf8 40. Qh5 Qxh5 41. Rfxh5 Kg7 42. Kf5 b5 43.
axb6 Bb7 44. g5 Bc8 45. gxh6+ Kf8 46. Kf4 Bb7 47. h7 Kg7 48. Rg5+ 1-0

[Event "Late-Titled-Tuesday-Blitz-May-14-2024"]
[Site "Chess.com"]
[Date "2024.05.14"]
[Round "9"]
[White "SpeedofLight0"]
[Black "Szparu"]
[Result "1-0"]
[WhiteElo "3021"]
[BlackElo "2892"]
[TimeControl "180+1"]
[EndTime "15:43:43 PDT"]
[Termination "SpeedofLight0 won by resignation"]

1. d4 d5 2. Nc3 Nf6 3. Bf4 e6 4. e3 Bb4 5. Bd3 c5 6. dxc5 Nbd7 7. Nf3 O-O 8. O-O Nxc5 9. Bg5 Nxd3 10. cxd3 Be7 11.
Qb3 h6 12. Bh4 Qb6 13. Qxb6 axb6 14. Ne5 g5 15. Bg3 Nd7 16. Rfc1 Nxe5 17. Bxe5 Bd7 18. Bd4 b5 19. a3 b4 20. axb4 Bxb4 21. h4 Be7 22. h5 f6 23. e4 Rxa1 24. Rxa1 dxe4 25. dxe4 Bc6 26. g4 f5 27. exf5 exf5 28. Re1 Bd8 29. Re6 Kh7 30. Rg6 Rg8 31. gxf5 Bd7 32. Rd6 Bxf5 33. Nd5 Rf8 34. Ne3 Bc8 35. Kg2 g4 36. Nd5 Bf5 37. Kg3 Bg5 38. Be3 Bxe3 39. Nxe3 Bc8 40. Rd5 Rf3+ 41. Kg2 Rf4 42. Rc5 Bd7 43. Rc7 Rf7 44. Kg3 Kg7 45. Nxg4 Bxg4 46. Rxf7+ Kxf7 47. Kxg4 Ke6 48. Kf4 Kf6 49. f3 Ke6 50. Ke4 Kf6 51.
f4 Ke6 52. f5+ Kf6 53. Kf4 Kf7 54. Ke5 Ke7 55. f6+ Kf7 56. Kf5 Kf8 57. Kg6 Kg8 58. Kxh6 Kf7 59. Kg5 1-0

[Event "Late-Titled-Tuesday-Blitz-May-14-2024"]
[Site "Chess.com"]
[Date "2024.05.14"]
[Round "9"]
[White "Rud_Makarian"]
[Black "chessdjw"]
[Result "1-0"]
[WhiteElo "2955"]
[BlackElo "2779"]
[TimeControl "180+1"]
[EndTime "15:43:44 PDT"]
[Termination "Rud_Makarian won by resignation"]

1. d4 Nf6 2. c4 e6 3. Nf3 d5 4. g3 Bb4+ 5. Bd2 Be7 6. Bg2 O-O 7. Qc2 Nbd7 8. O-O c6 9. Bf4 b6 10. Nbd2 Bb7 11. e4 dxe4 12. Nxe4 c5 13. Nd6 Bxd6 14.
Bxd6 Re8 15. Rad1 Qc8 16. Qe2 Ne4 17. dxc5 bxc5 18. Bf4 e5 19. Bc1 h6 20. Rfe1 Ndf6 21.
Qc2 Qc7 22. b3 a5 23. Bb2 a4 24. Qb1 axb3 25. axb3 Ng5 26. Nxg5 Bxg2 27. Nxf7 Qxf7 28. Kxg2 Qb7+ 29. Kg1 Qxb3 30. Bxe5 Qxb1 31. Rxb1 Ra4 32. Bxf6 Rxe1+ 33. Rxe1 gxf6 34. Re4 Kf7 35. Kg2 Kg6 36.
Rf4 h5 37. h4 Rb4 38. Kf3 Rb3+ 39. Ke4 Rb8 40. Kd5 Rc8 41. Kd6 Kf7 42. Rf5 Kg6 43.
Rxc5 Rd8+ 44. Ke6 Rd2 45. Rd5 Rxf2 46. c5 Rf3 47. c6 Rxg3 48. Kd6 Ra3 49. c7 Ra8 50.
Kd7 f5 51. c8=Q Rxc8 52. Kxc8 f4 53. Rg5+ Kf6 54. Rxh5 f3 55. Ra5 Kg6 56. Ra3 f2 57.
Rf3 1-0

[Event "Late-Titled-Tuesday-Blitz-May-14-2024"]
[Site "Chess.com"]
[Date "2024.05.14"]
[Round "9"]
[White "LUISMIGUELOV"]
[Black "laskakid"]
[Result "0-1"]
[WhiteElo "2218"]
[BlackElo "2371"]
[TimeControl "180+1"]
[EndTime "15:43:45 PDT"]
[Termination "laskakid won on time"]

1. d4 f5 2. Nc3 Nf6 3. e4 fxe4 4. Bg5 g6 5. Bxf6 exf6 6. Nxe4 Bg7 7. Qe2 O-O 8. O-O-O Re8 9. Qd3 d5 10. Ng3 Nc6 11. Nf3 Nb4 12. Qb3 a5 13. c3 Nc6 14.
Bb5 Qd6 15. Rhe1 Bd7 16. a4 Re6 17. Rxe6 Bxe6 18. Re1 Kf7 19. h3 h5 20. Qc2 Re8 21.
Qd2 Rh8 22. Kc2 h4 23. Nf1 Bh6 24. Ne3 Ne7 25. Kb3 c6 26. Bd3 b5 27. axb5 cxb5 28.
Bxb5 Rb8 29. Qd3 Bd7 30. c4 dxc4+ 31. Qxc4+ Be6 32. d5 Nxd5 33. Nd4 Nc7 34. Nxe6 Rxb5+ 35. Ka2 Qxe6 36. b3 Bxe3 37. Rxe3 Qxc4 38. bxc4 Re5 39. Rd3 Ke6 40. Kb3 Re2 41. Rf3 Na6 42. Ka4 Nc5+ 43. Kxa5 Ne4 44. Kb6 Rxf2 45. Rxf2 Nxf2 46. c5 Ne4 47. c6 Nd6 48. c7 Kd7 0-1

[Event "Late-Titled-Tuesday-Blitz-May-14-2024"]
[Site "Chess.com"]
[Date "2024.05.14"]
[Round "9"]
[White "howitzer14"]
[Black "MaxLeto"]
[Result "1-0"]
[WhiteElo "2999"]
[BlackElo "2384"]
[TimeControl "180+1"]
[EndTime "15:43:47 PDT"]
[Termination "howitzer14 won on time"]

1. e4 c5 2. Nf3 d6 3. Bc4 e6 4.
O-O a6 5. a4 Nf6 6. Re1 Be7 7.
d4 cxd4 8. Nxd4 O-O 9. Nc3 Qc7 10. Ba2 Nc6 11. Be3 Nb4 12. Bb3 Bd7 13. h3 Rfc8 14.
Qd2 Be8 15. Nxe6 fxe6 16. Bxe6+ Bf7 17. Bxc8 Rxc8 18. a5 Nd7 19. Ra4 Nc6 20. Nd5 Qd8 21.
Rd1 Bf8 22. b3 Qe8 23. Nb6 Nxb6 24. Bxb6 Ne5 25. Rd4 Qc6 26. c4 Nd7 27. Ba7 Ra8 28. Rxd6 Bxd6 29. Qxd6 Qxd6 30. Rxd6 Be8 31. Bd4 Kf7 32.
f4 Nf8 33. f5 Bc6 34. e5 Re8 35. Kf2 Re7 36. g4 h6 37. Kg3 Nh7 38. h4 Ke8 39. Kf4 Rd7 40. Rxd7 Kxd7 41. e6+ Ke7 42. Bxg7 h5 43.
g5 Bg2 44. Ke5 Bh3 45. g6 Nf8 46. f6+ Ke8 47. Bxf8 Kxf8 48. e7+ Ke8 49. g7 1-0

[Event "Late-Titled-Tuesday-Blitz-May-14-2024"]
[Site "Chess.com"]
[Date "2024.05.14"]
[Round "9"]
[White "Dolphin_2010"]
[Black "Felix-Rose"]
[Result "1-0"]
[WhiteElo "2623"]
[BlackElo "2323"]
[TimeControl "180+1"]
[EndTime "15:43:50 PDT"]
[Termination "Dolphin_2010 won by resignation"]

1. d4 d5 2. c4 e6 3. Nc3 Nf6 4. Bf4 Be7 5. e3 O-O 6. Nf3 b6 7. cxd5 Nxd5 8. Nxd5 Qxd5 9. Bd3 Qa5+ 10. Kf1 c5 11. Be4 Ba6+ 12. Kg1 Nd7 13. Bxa8 Rxa8 14. d5 Bc4 15. dxe6 Bxe6 16. Bg5 f6 17. Bf4 Qb5 18. Bd6 Kf7 19. b3 Rd8 20. Bxe7 Kxe7 21. Qf1 Qa5 22. Qe1 Qa3 23. Qc3 b5 24. h3 b4 25. Qc1 Qa5 26. Kh2 Qc7+ 27. Kg1 a5 28. Qc2 g6 29. Rc1 Ra8 30. Qe4 Ra6 31. Nd4 Ne5 32. f4 Nf7 33. Rxc5 Qxc5 34. Qb7+ Bd7 35. Qxa6 Qc1+ 36. Kh2 Qxe3 37.
Qe2 Qxe2 38. Nxe2 a4 39. bxa4 Bxa4 40. Rb1 Bb5 41. Rxb4 Bxe2 42. Re4+ Kd6 43. Rxe2 Kc5 44. Re7 Nd6 45. Rxh7 g5 46. fxg5 fxg5 47. Rh5 Ne4 48. h4 Kd4 49. Rxg5 Nxg5 50. hxg5 Ke5 51. a4 Kf5 52. a5 Kxg5 53. a6 Kf6 54. a7 Ke7 55.
a8=Q Kd7 56. Qa6 Ke7 57. Kg3 Kf7 58. Kf3 Kg7 59. Ke4 Kh7 60. Kf5 Kg7 61. g4 Kh7 62.
Qb6 Kg7 63. g5 Kf7 64. Qc7+ Kg8 65. Kg6 Kf8 66. Kf6 1-0

[Event "Late-Titled-Tuesday-Blitz-May-14-2024"]
[Site "Chess.com"]
[Date "2024.05.14"]
[Round "9"]
[White "maximnovik"]
[Black "Evgeny81"]
[Result "1-0"]
[WhiteElo "2600"]
[BlackElo "2760"]
[TimeControl "180+1"]
[EndTime "15:43:51 PDT"]
[Termination "maximnovik won on time"]

1. e4 e6 2. d4 d5 3. e5 c5 4.
c3 Bd7 5. Nf3 a6 6. Be2 Bb5 7.
O-O Nc6 8. dxc5 Bxe2 9. Qxe2 Bxc5 10. c4 Nge7 11. Nc3 O-O 12. Rd1 h6 13. cxd5 Nxd5 14. Nxd5 exd5 15. Be3 Qb6 16. Bxc5 Qxc5 17. Rac1 Qa5 18.
a3 Rad8 19. Nd4 Nxd4 20. Rxd4 Rfe8 21. f4 Rc8 22. Rcd1 Qb6 23. Qf2 Red8 24. f5 Re8 25.
Rxd5 Qxf2+ 26. Kxf2 Rc2+ 27. Kf3 Rxb2 28. R1d3 b5 29.
h4 a5 30. g4 b4 31. Rxa5 bxa3 32. Rdxa3 Rh2 33. Ra8 Kf8 34. Rxe8+ Kxe8 35. Ra8+ Ke7 36. Ra7+ Ke8 37. h5 Rh1 38. Ra8+ Ke7 39. Rg8 Re1 40. Rxg7 Rxe5 41. Rh7 Kf6 42. Rxh6+ Kg5 43. Rh8 Ra5 44. Rg8+ Kh6 45. Kg3 Ra1 46. Rh8+ Kg5 47. Rg8+ Kh6 48.
Kf4 Ra4+ 49. Ke5 Ra6 50. f6 Ra1 51. Rg7 1-0

[Event "Late-Titled-Tuesday-Blitz-May-14-2024"]
[Site "Chess.com"]
[Date "2024.05.14"]
[Round "9"]
[White "Eloist"]
[Black "Byniolus"]
[Result "0-1"]
[WhiteElo "2432"]
[BlackElo "2737"]
[TimeControl "180+1"]
[EndTime "15:43:55 PDT"]
[Termination "Byniolus won on time"]

1. e4 d6 2. d4 g6 3. Nc3 a6 4.
Nf3 c6 5. a4 b6 6. Bd3 e6 7.
O-O f6 8. Re1 Ne7 9. h3 Bg7 10.
Nh2 h6 11. Ne2 O-O 12. f4 f5 13. c3 Nd7 14. Nf3 d5 15. e5 c5 16. g4 a5 17. Kh2 Ba6 18. Bxa6 Rxa6 19. Rg1 Ra7 20. Ng3 Kh7 21. Bd2 Rf7 22. Qe2 Rc7 23. Rg2 Nc6 24.
gxf5 exf5 25. e6 Re7 26. Qd3 Nf8 27. Nxf5 gxf5 28. Qxf5+ Kh8 29. Re1 cxd4 30. cxd4 Qe8 31. Qxd5 Rxe6 32. Rxe6 Nxe6 33. Re2 Re7 34. Nh4 Nxf4 35.
Rxe7 Nxe7 36. Qe4 Nfd5 37. Be1 Qf7 38. Bg3 Nf6 39. Qa8+ Kh7 40. Qb7 Qe6 41. Qf3 Qe4 42. Be5 Qxf3 43. Nxf3 Nfd5 44. Kg3 Nc6 45. Kg4 Kg6 46.
Nh4+ Kf7 47. Bxg7 Kxg7 48. Nf5+ Kg6 49. Nh4+ Kf6 50. Nf5 h5+ 0-1

[Event "Late-Titled-Tuesday-Blitz-May-14-2024"]
[Site "Chess.com"]
[Date "2024.05.14"]
[Round "9"]
[White "Aygehovit1992"]
[Black "karinachess1"]
[Result "1-0"]
[WhiteElo "2837"]
[BlackElo "2624"]
[TimeControl "180+1"]
[EndTime "15:43:56 PDT"]
[Termination "Aygehovit1992 won by resignation"]

1. e4 e5 2. Nf3 Nc6 3. Bb5 Nf6 4. O-O Nxe4 5. d4 Nd6 6. Bxc6 dxc6 7. dxe5 Nf5 8. Qxd8+ Kxd8 9. h3 Be7 10. Nc3 Be6 11. Rd1+ Ke8 12. b3 h6 13. Bb2 a5 14. a4 Rd8 15. Ne2 Bd5 16. Nfd4 Nxd4 17. Nxd4 Be4 18. Re1 Bg6 19. e6 Bb4 20. Re2 Ke7 21. g4 f6 22.
Kg2 h5 23. f3 Rd5 24. c4 Rd6 25. f4 Bc5 26. Nf5+ Bxf5 27. gxf5 Rd3 28. Rf1 Rxb3 29.
Rf3 Rxf3 30. Kxf3 Rd8 31. Rg2 Kf8 32. Ke4 b6 33. Bc3 Rd1 34. Rd2 Re1+ 35. Kd3 Re3+ 36. Kc2 Rxc3+ 37. Kxc3 Bb4+ 38. Kd3 Bxd2 39. Kxd2 Ke7 40.
Kc3 Kd6 41. Kd4 c5+ 42. Ke4 c6 43. Kf3 Ke7 44. Kg3 Kd6 45. Kh4 b5 46. cxb5 cxb5 47. axb5 c4 48. b6 c3 49. b7 Kc7 50. e7 c2 51. b8=Q+ Kxb8 52. e8=Q+ Kb7 53. Qd7+ Kb6 54. Qd2 1-0

[Event "Late-Titled-Tuesday-Blitz-May-14-2024"]
[Site "Chess.com"]
[Date "2024.05.14"]
[Round "9"]
[White "MatthewG-p4p"]
[Black "Flawless_Fighter"]
[Result "1-0"]
[WhiteElo "2842"]
[BlackElo "2688"]
[TimeControl "180+1"]
[EndTime "15:43:57 PDT"]
[Termination "MatthewG-p4p won by resignation"]

1. e4 c6 2. d4 d5 3. exd5 cxd5 4. Bd3 Nc6 5. c3 Nf6 6. h3 e5 7. dxe5 Nxe5 8. Qe2 Qe7 9. Bc2 g6 10. Bf4 Nfd7 11. Nd2 Bg7 12. Ngf3 O-O 13. O-O-O Qf6 14.
Be3 Nc6 15. Nb3 Nb6 16. Bc5 Rd8 17. Nbd4 Bd7 18. Nxc6 bxc6 19. Bd4 Qf4+ 20. Kb1 Rab8 21. Bxg7 Kxg7 22. Qe5+ Qxe5 23. Nxe5 f6 24. Nf3 Nc4 25. b3 Na3+ 26. Kb2 Nxc2 27. Kxc2 Bf5+ 28. Kb2 c5 29.
Rhe1 Rb7 30. c4 d4 31. g4 Bc8 32. Nd2 f5 33. g5 Kf7 34. Re5 Rc7 35. Rde1 Rd6 36.
Re8 Bb7 37. Rh8 Kg7 38. Ree8 h5 39. gxh6+ Kf6 40. h7 Kg5 41. Re5 Rdd7 42. a3 Rxh7 43. Rxc5 Bg2 44. Rxc7 Rxc7 45. Rd8 Bxh3 46. Rxd4 Re7 47.
f4+ Kg4 48. c5 Bg2 49. b4 Be4 50. b5 Kxf4 51. c6 Ke3 52. Rd7 Re5 53. Nc4+ Kf4 54.
Nxe5 Kxe5 55. c7 Bb7 56. Rd8 f4 57. Rb8 f3 58. Rxb7 f2 59. c8=Q f1=Q 60. Re7+ Kd4 61. Rd7+ Ke3 62. Qe8+ Kf2 63. Rf7+ 1-0

[Event "Late-Titled-Tuesday-Blitz-May-14-2024"]
[Site "Chess.com"]
[Date "2024.05.14"]
[Round "9"]
[White "deathadder96"]
[Black "WPWPWP-2015"]
[Result "0-1"]
[WhiteElo "2847"]
[BlackElo "2473"]
[TimeControl "180+1"]
[EndTime "15:44:00 PDT"]
[Termination "WPWPWP-2015 won by resignation"]

1. e4 e5 2. Nf3 Nc6 3. d4 exd4 4.
Nxd4 Nf6 5. Nxc6 bxc6 6. Nd2 Bc5 7. e5 Qe7 8. Qe2 Nd5 9. Nb3 Bb6 10. c4 Nb4 11. h4 h6 12. Rh3 d6 13. Rc3 Be6 14. g3 O-O 15. Bg2 Rad8 16. Bd2 dxe5 17. a3 Na6 18. Bxc6 Bd4 19. Nxd4 exd4 20. Rcc1 Nc5 21. Bb4 a5 22. Bxa5 d3 23. Qe3 Nb3 24. Bd2 Qf6 25. Bc3 d2+ 26. Qxd2 Rxd2 27. Bxf6 gxf6 28. Ba4 Rxb2 29.
Rab1 Rxb1 30. Rxb1 Nc5 31. Bc2 Bxc4 32. Kd2 Rd8+ 33.
Kc3 Ba6 34. Rb4 Ne6 35. Ra4 Bb7 36. Ra7 Rb8 37. a4 Kf8 38. a5 Ke7 39. a6 Bf3 40. Bb3 Kd6 41. Bc4 h5 42. Kd2 Bc6 43. Ke3 Rd8 44.
f4 Rg8 45. Kf2 Rf8 46. Be2 Nd4 47. Bxh5 Nb5 48. Rb7 Bxb7 49. axb7 Rb8 50. Bf3 Nd4 51. Be4 c6 52. Ke3 Kc5 53. h5 f5 54. h6 fxe4 55. Kxe4 Rxb7 56. Ke5 Rb8 57. Kf6 Kd6 58. g4 c5 59. g5 c4 60. f5 Nxf5 61. g6 fxg6 62. h7 c3 63. Kf7 c2 64. h8=Q Rxh8 65. Kf6 Re8 66. Kf7 Re7+ 67. Kg8 Rd7 68. Kf8 c1=R 0-1